cohdb
Replays
Latest Replays
All Replays
Popular Replays
Top Player Replays
Match Explorer
How It Works
Community
CoH3 Stats
Reddit
Sign in to upload your games and track your stats! →
Sign in with Steam
Match 44268017
Unlisted
Match 44268017
Overview
Messages
Build Orders
End
Royal Engineer Section
Construct Section Command Post
Dingo Light Scout Car
Infantry Section
Infantry Section
Selects Australian Defense Battlegroup
Selects Australian Light Infantry Section
Construct Platoon Command Post
Grenade Package
Unlock M3 Stuart Light Tanks
Selects 2-pounder Anti-tank Gun Team
Infantry Section
M3 Stuart Light Tank
M3 Stuart Light Tank
Construct Field Infirmary
M3 Stuart Light Tank
Selects Vehicle Over Repair
M3 Stuart Light Tank
M3 Stuart Light Tank
Hanwoomul
bigcheese
guxun
rogefs04
MindfulRaptor
Goliath
0
0
Comments
sign in to comment!
No comments posted yet!